 Dungeon Crawl Stone Soup version 0.31.0-9-g3a7656b989 (webtiles) character file.

Game seed: 17682209612422129562

2019 SnakkuSnakku7 the Basher (level 9, 0/60 HPs)
             Began as a Djinni Monk on Jan 24, 2024.
             Was a Priest of Okawaru.
             Slain by a wight
             ... wielding a +3 great sword of freezing
              (2 damage)
             ... on level 7 of the Dungeon.
             The game lasted 00:05:41 (5150 turns).

SnakkuSnakku7 the Basher (Djinni Monk)              Turns: 5150, Time: 00:05:41

Health: 0/60       AC:  8    Str: 14    XL:     9   Next: 46%
Gold:   344        EV: 11    Int: 13    God:    Okawaru [***...] SH:  0 Dex: 15

rFire   + . .        a - +7 great mace "Undeadhunter" {deathbane, rN+}
rCold   . . .        (shield currently unavailable)
rNeg    + . .        f - +0 ring mail
rPois   ∞            l - +0 helmet
rElec   .            g - +1 cloak
rCorr   .            (no gloves)
SInv    +            (boots unavailable)
Will    .....        (no amulet)
Stlth   +            A - ring of see invisible
HPRegen 0.30/turn    x - ring of ice
MPRegen 0.00/turn

%: infuse magic (-1 HP)
@: flying, studying Dodging
A: sickness immunity, fire resistance 2, cold vulnerability 1, float, innate
caster, HP casting, extra vitality 1
a: Renounce Religion, Heroism


You were on level 7 of the Dungeon.
You worshipped Okawaru.
Okawaru was most pleased with you.
You visited 1 branch of the dungeon, and saw 7 of its levels.

You collected 344 gold pieces.

Inventory:

Hand Weapons
 a - the +7 great mace "Undeadhunter" (weapon) {deathbane, rN+}
   (You found it on level 6 of the Dungeon)

   rN+:       It protects you from negative energy.
 r - a +0 mace
 v - a +0 flail
 C - a +2 heavy dire flail
Armour
 b - a +0 robe
 d - an orb of light
 f - a +0 ring mail (worn)
 g - a +1 cloak (worn)
 l - a +0 helmet (worn)
Jewellery
 w - a +6 ring of intelligence
 x - a ring of ice (right hand)
 A - a ring of see invisible (left hand)
Wands
 k - a wand of polymorph (13)
 t - a wand of mindburst (11)
 u - a wand of flame (24)
Scrolls
 e - 4 scrolls of teleportation {unknown}
 h - 2 scrolls of fear {unknown}
 j - 2 scrolls of revelation {unknown}
 n - 7 scrolls of identify {unknown}
 q - 3 scrolls of noise {unknown}
 y - a scroll of enchant weapon {unknown}
 B - a scroll of immolation {unknown}
Potions
 c - a potion of ambrosia
 i - 2 potions of might {unknown}
 m - a potion of invisibility {unknown}
 o - a potion of lignification {unknown}
 p - 3 potions of curing {unknown}
 s - 2 potions of mutation {unknown}
 z - a potion of attraction {unknown}


   Skills:
 - Level 3.0 Fighting
 + Level 10.3 Maces & Flails
 - Level 3.2 Dodging


You knew the following spells:

 Your Spells              Type           Power      Damage    Failure   Level
a - Kiss of Death         Conj/Necr      0%         2d5       54%         1
b - Searing Ray           Conj           0%         2d4       67%         2
c - Teleport Other        Tloc           0%         N/A       88%         3
d - Dazzling Flash        Conj/Hex       0%         N/A       88%         3
Your spell library was empty.

Dungeon Overview and Level Annotations

Branches:
Dungeon (7/15)             Temple (0/1) D:6

Altars:
Elyvilon
Nemelex Xobeh
Okawaru
Qazlal
Wu Jian
Xom
Zin

Annotations:
D:7 Dowan, Duvessa


Innate Abilities, Weirdness & Mutations

You are immune to sickness and miasma.
You are immune to poison.
Your flesh is very heat resistant. (rF++)
You are vulnerable to cold. (rC-)
You float through the air rather than walking.
You learn spells naturally, not from books.
Your magical power is your life essence.
You have superior vitality. (+4 MHP)


Message History

The black bear is almost dead.
The black bear goes berserk!
Dowan mumbles some strange words.
Dowan blinks!
You closely miss the black bear.
The black bear is almost dead.
The black bear bites you but does no damage.
The black bear claws you.
The black bear claws you but does no damage.
The orc barely misses you. The black bear barely misses you.
The black bear misses you.
The black bear claws you but does no damage.
You bludgeon the black bear!!
You kill the black bear!
Okawaru accepts your kill.
Duvessa, Sister of Dowan comes into view.
She is wielding a +1 rapier of speed.
The wight barely misses you.
The orc hits you from afar with a +0 trident!
Unknown command.
Duvessa shouts!
You sock the wight!
The wight is blasted by disruptive energy.
The wight is heavily damaged.
You hear a shout!
The wight hits you with a +3 great sword of freezing.
The wight freezes you.
The orc hits you from afar with a +0 trident.
The orc attacks as it pursues you! The orc hits you but does no damage.
The wight attacks as it pursues you!
The wight hits you with a +3 great sword of freezing!
The wight freezes you. The orc attacks as it pursues you!
The orc hits you from afar with a +0 trident.
* * * LOW HITPOINT WARNING * * *
The orc hits you but does no damage.
Duvessa says, "Where magic fails, the sword succeeds!"
There is a stone staircase leading up here.
The wight hits you with a +3 great sword of freezing!
* * * LOW HITPOINT WARNING * * *
The wight freezes you.
You die...

### ..###
#...##
#....#
##....#
##z@..#
##z....#
##.o..###
##...###
#.
##.o###
#.#
##eo##
#..
##.†##
#.###.e##
#.....##


You could see Duvessa, an orc warrior, Dowan, 2 wights and 2 orcs.

Vanquished Creatures
  2 water moccasins (D:6)
  An orc warrior (D:6)
  3 ice beasts
  2 black bears
  2 ogres
  A wolf (D:4)
  A bullfrog (D:6)
  2 scorpions
  3 wights
  An electric eel (D:6)
  3 bombardier beetles (D:5)
  2 hounds
  A jelly (D:3)
  3 iguanas (D:6)
  5 orc wizards
  A sleepcap (D:5)
  Robin (D:1)
  5 adders
  5 gnolls
  A white imp (D:6)
  2 dart slugs
  11 orcs
  8 ball pythons
  6 endoplasms
  5 giant cockroaches
  12 goblins
  5 hobgoblins
  10 jackals
  7 kobolds
  3 quokkas (D:1)
  7 bats
  4 frilled lizards
  7 rats
132 creatures vanquished.

Notes
Turn   | Place    | Note
-------+----------+-------------------------------------------
     0 | D:1      | SnakkuSnakku7 the Djinni Monk began the quest for the Orb.
     0 | D:1      | Reached XP level 1. HP: 20/20 MP: 0/0
    49 | D:1      | HP: 1/20 [frozen (6)]
    56 | D:1      | Reached XP level 2. HP: 4/25 MP: 0/0
   179 | D:1      | Reached skill level 3 in Maces & Flails
   264 | D:1      | Reached XP level 3. HP: 26/30 MP: 0/0
   264 | D:1      | Learned a level 1 spell: Kiss of Death
   773 | D:2      | Noticed Robin
   783 | D:1      | Reached XP level 4. HP: 35/35 MP: 0/0
   815 | D:1      | Killed Robin
   816 | D:1      | Reached skill level 4 in Maces & Flails
  1120 | D:2      | Found a shimmering altar of Xom.
  1239 | D:2      | Found a faded altar of an unknown god.
  1547 | D:3      | Reached XP level 5. HP: 40/40 MP: 0/0
  1547 | D:3      | Learned a level 2 spell: Searing Ray
  1705 | D:3      | Found a white marble altar of Elyvilon.
  1782 | D:3      | Found an iron altar of Okawaru.
  1787 | D:3      | Became a worshipper of Warmaster Okawaru
  1787 | D:3      | Reached * piety under Okawaru
  1787 | D:3      | Reached ** piety under Okawaru
  1908 | D:3      | Reached skill level 5 in Maces & Flails
  1928 | D:3      | Reached XP level 6. HP: 33/46 MP: 0/0
  2580 | D:4      | Found a shimmering altar of Xom.
  2580 | D:4      | Found a shimmering altar of Xom.
  2581 | D:4      | Found a shimmering altar of Xom.
  2591 | D:4      | Noticed Edmund
  2601 | D:4      | Edmund changed into Edmund the wolf
  2601 | D:4      | Noticed Edmund
  2605 | D:4      | Killed Edmund the wolf
  2606 | D:4      | Reached skill level 6 in Maces & Flails
  2748 | D:4      | Reached XP level 7. HP: 50/50 MP: 0/0
  2748 | D:4      | Learned a level 3 spell: Teleport Other
  2779 | D:4      | Found a sparkling altar of Nemelex Xobeh.
  2783 | D:4      | Identified the +5 ring mail of Instinct {rCorr}
  2995 | D:4      | Found a shimmering altar of Xom.
  2997 | D:4      | Found a shimmering altar of Xom.
  3145 | D:5      | Entered Level 5 of the Dungeon
  3165 | D:5      | Identified the +1 ring mail "Guloh" {^Drain rElec rF+
                  | Dex+4}
  3222 | D:5      | Reached skill level 7 in Maces & Flails
  3271 | D:5      | Reached XP level 8. HP: 49/56 MP: 0/0
  3308 | D:5      | Found a glowing silver altar of Zin.
  3335 | D:5      | Reached *** piety under Okawaru
  3746 | D:5      | Reached skill level 8 in Maces & Flails
  4216 | D:6      | Reached skill level 9 in Maces & Flails
  4315 | D:6      | Found a staircase to the Ecumenical Temple.
  4336 | D:6      | Found a stormy altar of Qazlal.
  4383 | D:6      | Reached XP level 9. HP: 42/60 MP: 0/0
  4383 | D:6      | Learned a level 3 spell: Dazzling Flash
  4606 | D:6      | Reached skill level 10 in Maces & Flails
  4862 | D:6      | Found an ornate altar of the Wu Jian Council.
  4879 | D:6      | Found the +7 great mace "Undeadhunter" {deathbane, rN+}
  5133 | D:7      | Noticed Dowan
  5143 | D:7      | Noticed Duvessa
  5150 | D:7      | HP: 2/60 [wight/+3 great sword of freezing (17)]
  5150 | D:7      | Slain by a wight

Illustrated notes

Levels and vault maps discovered:
D:1:      pf_arrival_petrified_forest, layout_rooms, minmay_3d_cube
D:2:      minmay_kobold_bridge, layout_basic, basic_altar,
          shapermc_ecumenical_altar_notcrosses, uniq_robin
D:3:      layout_loops_ring, okawaru_ov_weapons_minmay, elyvilon_altar_1,
          nicolae_eternal_life
D:4:      layout_cave_pools, xom_redecorated, mainiacjoe_overflow_brackets,
          nicolae_grassy_gnolls, uniq_edmund
D:5:      layout_basic, lemuel_crystal_altar, minmay_fountain_box,
          grunt_decor_arrowhead
D:6:      layout_gridville, mainiacjoe_overflow_alcove_2, tgw_sif,
          nicolae_wu_jian_glorious_leap, minmay_temple_entry_stoned_glass,
          serial_bayou, serial_bayou_crossing, serial_bayou_pond_d,
          serial_bayou_lagoon_a, serial_bayou_shore_b, minmay_manual_moon
D:7:      layout_layer_cave, minitemple, uniq_duvessa

Skill      XL: |  1  2  3  4  5  6  7  8  9 |
---------------+----------------------------+-----
Maces & Flails | 3 4 5 6 7 9 10 | 10.3
Fighting       | |  3.0
Dodging        | |  3.2

Action                     |  1- 3 |  4- 6 |  7- 9 || total
---------------------------+-------+-------+-------++-------
  Melee: Mace              |    88 |   101 |       ||   189
         Flail             |       |    77 |       ||    77
         Dire flail        |       |     6 |   121 ||   127
         Great mace        |       |       |    10 ||    10
 Invoke: Heroism           |       |       |     1 ||     1
  Evoke: Wand              |       |     2 |     2 ||     4
 Armour: Robe              |    43 |       |       ||    43
         Ring mail         |    26 |   162 |   113 ||   301
  Dodge: Dodged            |    90 |   144 |   102 ||   336
